 Dungeon Crawl Stone Soup version 0.30.0-15-g856e2d3f33 (webtiles) character file.

Game seed: 13607571990736323291

5428 qw the Cleaver (level 10, -1/64 HPs)
             Began as a Gargoyle Cinder Acolyte on May 18, 2023.
             Was a Priest of Ignis.
             Slain by an ogre
             ... wielding a +0 giant spiked club
             ... led by Lodul
              (3 damage)
             ... on level 10 of the Dungeon.
             The game lasted 00:04:49 (8264 turns).

qw the Cleaver (Gargoyle Cinder Acolyte)            Turns: 8264, Time: 00:04:50

Health: -1/64      AC: 38    Str: 21    XL:     10   Next: 67%
Magic:  0/11       EV:  6    Int: 16    God:    Ignis [***...]
Gold:   479        SH:  4    Dex:  5    Spells: 11/11 levels left

rFire   + . .        Y - +1 broad axe (freeze)
rCold   + . .        m - +0 buckler
rNeg    + . .        q - +1 plate armour {rC+}
rPois   inf          d - +1 helmet
rElec   +            (no cloak)
rCorr   .            (no gloves)
SInv    .            (no boots)
Will    .....        c - amulet of guardian spirit Stlth
                     k - +4 ring of protection
HPRegen 0.30/turn    f - +4 ring of protection
MPRegen 0.12/turn

%: guardian spirit
@: about to teleport, fiery-armoured
A: sickness immunity, AC +7, negative energy resistance 1, electricity
resistance, torment resistance 1, petrification resistance
a: Renounce Religion, Fiery Armour, Foxfire Swarm, Rising Flame


You were on level 10 of the Dungeon.
You worshipped Ignis.
Ignis was most pleased with you.
You visited 1 branch of the dungeon, and saw 10 of its levels.

You collected 569 gold pieces.
You spent 90 gold pieces at shops.


Innate Abilities, Weirdness & Mutations

You are immune to sickness and miasma.
Your stone body is resilient. (AC +7)
You are immune to poison.
You resist negative energy. (rN+)
You are resistant to electric shocks. (rElec)
You are resistant to unholy torment.
You are immune to petrification.


   Skills:
 - Level 8.0 Fighting
 + Level 10.2 Axes
 - Level 3.5 Throwing
 - Level 7.2 Armour
 - Level 5.1 Shields
 - Level 1.0 Spellcasting
 - Level 3.0 Fire Magic


You had 11 spell levels left.
You didn't know any spells.
Your spell library contained the following spells:

 Spells                   Type           Power      Damage    Failure   Level
 Scorch                   Fire           20%        2d5       92%         2

Inventory:

Hand Weapons
 o - a -1 hand axe of flaming
 Y - a +1 broad axe of freezing (weapon)
Missiles
 l - 7 boomerangs
 n - 4 javelins (quivered)
Armour
 d - a +1 helmet (worn)
 m - a +0 buckler (worn)
 q - a +1 plate armour of cold resistance (worn)
Jewellery
 c - an amulet of guardian spirit (around neck)
 f - a +4 ring of protection (right hand)
 k - a +4 ring of protection (left hand)
 r - a ring of fire
Scrolls
 a - 2 scrolls of identify
 b - a scroll of teleportation
 s - a scroll of fog {unknown}
Potions
 e - 2 potions of haste
 g - 2 potions of heal wounds
 h - 2 potions of curing
 i - 4 potions of might
 j - 2 potions of mutation
 p - a potion of resistance
 t - 2 potions of cancellation

Dungeon Overview and Level Annotations

Branches:
Dungeon (10/15)            Temple (0/1) D:5            Lair (0/5) D:10
    Orc: D:9-12

Altars:
Ashenzari
Cheibriados
Fedhas
Hepliaklqana
Makhleb
Nemelex Xobeh
Ru
Sif Muna
Trog
Uskayaw
Vehumet
Wu Jian
Zin

Annotations:
D:8 3 runed translucent doors, qw's ghost, novice GrCA
D:10 Lodul


Message History

The ogre shouts!
You hear a shout!
You are too injured to fight recklessly!
You are too injured to fight recklessly!
Lodul the Thundrous comes into view.
He is wielding a +2 great mace of protection and carrying a wand of digging (3).
You are too injured to fight recklessly!
An ogre comes into view. It is wielding a +0 giant club.
Found a scroll of summoning.
Lodul shouts!
The ogre shouts!
Electricity crackles from Lodul's apparatus.
The bolt of lightning hits you. You resist.
You slash the ogre! You freeze the ogre.
The ogre is moderately wounded.
The ogre hits you but does no damage.
The ogre is burned by your cloak of flames.
The ogre is heavily wounded.
An ogre comes into view. It is wielding a +0 giant spiked club.
The ogre shouts!
You hit the ogre. You freeze the ogre.
The ogre is severely wounded.
An ogre comes into view. It is wielding a +0 giant spiked club.
A tyrant leech comes into view.
The ogre hits you but does no damage.
The ogre is burned by your cloak of flames.
The ogre is severely wounded.
You barely miss the ogre.
The ogre is severely wounded.
You slash the ogre! You freeze the ogre. The ogre barely misses you.
Electricity crackles from Lodul's apparatus.
The bolt of lightning hits you! You resist.
The ogre hits you with a +0 giant club!
The ogre is burned by your cloak of flames.
The ogre is almost dead.
Lodul jingles a heavy purse and winks.
An ogre comes into view. It is wielding a +0 giant club.
8264 ||| READING 2 scrolls of teleportation.
As you read the scroll of teleportation, it crumbles to dust.
You feel strangely unstable.
The ogre hits you with a +0 giant spiked club.
You die...
OO

... #O### ...... #....
#...w.. #O.. #....~~~
# ##.O.##....~~~~ ~#.
#........~~~~# ~~~.
#...O.#~~~# #~~~##
#O@.~~# #P~~.# ##..~~#
PP~~.. #.#~~# #P~~##
#...~~~# ###~~~#.
.....#~~~~###~~~~##.
......###~~~~~~~.##..
#...##..#..~~~~~......
#..# #?...#####......
#.. #......


You could see Lodul, a tyrant leech and 6 ogres.

Vanquished Creatures
  A hornet (D:7)
  Prince Ribbit (D:7)
  Sigmund (D:4)
  A shadow (D:9)
  8 yaks (D:9)
  A basilisk (D:10)
  A steam dragon (D:7)
  An acid dragon (D:5)
  A water moccasin (D:7)
  Duvessa (D:7)
  2 orc warriors
  3 ogres
  2 centaurs
  A phantom (D:7)
  6 bullfrogs
  3 scorpions
  6 wights
  Dowan (D:7)
  5 killer bees (D:8)
  5 howler monkeys
  4 hounds
  3 orc priests
  4 jellies
  A sleepcap (D:6)
  Terence (D:3)
  Natasha (thrice) (D:2)
  3 iguanas
  7 orc wizards
  4 gnolls (D:4)
  9 adders
  2 white imps
  3 worms
  5 dart slugs
  31 orcs
  2 endoplasms (D:1)
  3 giant cockroaches
  7 goblins
  11 hobgoblins
  11 jackals
  4 quokkas
  13 ball pythons
  4 bats
  6 frilled lizards
  6 kobolds
  7 rats
205 creatures vanquished.

Notes
Turn   | Place    | Note
-------+----------+-------------------------------------------
     0 | D:1      | qw the Gargoyle Cinder Acolyte began the quest for the Orb.
     0 | D:1      | Reached XP level 1. HP: 14/14 MP: 2/2
     0 | D:1      | 0 ||| qw: Version: 0.2-a-95-gc95f03d
     0 | D:1      | 0 ||| qw: Game counter: 4
     0 | D:1      | 0 ||| qw: Always use a shield: true
     0 | D:1      | 0 ||| qw: God list: Okawaru
     0 | D:1      | 0 ||| qw: Allow faded altars: false
     0 | D:1      | 0 ||| qw: Do Orc after D:15 true
     0 | D:1      | 0 ||| qw: Do second Lair branch before Depths: true
     0 | D:1      | 0 ||| qw: Lair rune preference: random
     0 | D:1      | 0 ||| qw: Plans: Normal
     0 | D:1      | 0 ||| PLANNING D:1-11
    36 | D:1      | 36 ||| Stepping ~*~*~tactically~*~*~ (stealth).
    56 | D:1      | Reached skill level 3 in Axes
    58 | D:1      | Reached XP level 2. HP: 19/19 MP: 3/3
   105 | D:1      | 105 ||| Stepping ~*~*~tactically~*~*~ (hiding).
   134 | D:1      | 134 ||| Stepping ~*~*~tactically~*~*~ (stealth).
   324 | D:1      | Reached XP level 3. HP: 23/23 MP: 4/4
   416 | D:1      | 416 ||| Stepping ~*~*~tactically~*~*~ (stealth).
   638 | D:1      | 638 ||| Stepping ~*~*~tactically~*~*~ (hiding).
   687 | D:1      | Reached skill level 4 in Axes
   910 | D:1      | 910 ||| Stepping ~*~*~tactically~*~*~ (stealth).
   993 | D:1      | Found a faded altar of an unknown god.
  1072 | D:1      | 1072 ||| UPGRADING to +0 chain mail.
  1082 | D:1      | 1082 ||| DROPPING +0 robe.
  1083 | D:1      | 1083 ||| DROPPING +6 ring of intelligence.
  1084 | D:1      | 1084 ||| READING 2 scrolls labelled NOPPIU ZOX BOASU.
  1085 | D:1      | 1085 ||| DRINKING 4 grey potions.
  1091 | D:1      | 1091 ||| DRINKING 2 murky purple potions.
  1092 | D:1      | 1092 ||| DROPPING 3 potions of ambrosia.
  1221 | D:2      | Reached skill level 1 in Armour
  1240 | D:2      | Reached XP level 4. HP: 22/28 MP: 5/5
  1283 | D:2      | 1283 ||| Stepping ~*~*~tactically~*~*~ (stealth).
  1311 | D:2      | Noticed Natasha
  1312 | D:2      | 1312 ||| Stepping ~*~*~tactically~*~*~ (hiding).
  1313 | D:2      | 1313 ||| Stepping ~*~*~tactically~*~*~ (hiding).
  1319 | D:2      | Killed Natasha
  1351 | D:2      | 1351 ||| Stepping ~*~*~tactically~*~*~ (stealth).
  1352 | D:2      | 1352 ||| Stepping ~*~*~tactically~*~*~ (stealth).
  1573 | D:2      | Noticed Natasha
  1574 | D:2      | 1574 ||| Stepping ~*~*~tactically~*~*~ (stealth).
  1578 | D:2      | 1578 ||| Stepping ~*~*~tactically~*~*~ (stealth).
  1618 | D:2      | 1618 ||| Stepping ~*~*~tactically~*~*~ (stealth).
  1624 | D:2      | 1624 ||| Stepping ~*~*~tactically~*~*~ (stealth).
  1634 | D:2      | 1634 ||| INVOKING Fiery Armour.
  1636 | D:2      | Killed Natasha
  1637 | D:2      | Reached XP level 5. HP: 17/32 MP: 6/6
  1684 | D:2      | Noticed Natasha
  1688 | D:2      | 1688 ||| Stepping ~*~*~tactically~*~*~ (stealth).
  1722 | D:2      | 1722 ||| Stepping ~*~*~tactically~*~*~ (stealth).
  1724 | D:2      | 1724 ||| Stepping ~*~*~tactically~*~*~ (hiding).
  1731 | D:2      | Killed Natasha
  1849 | D:2      | 1849 ||| UPGRADING to +0 buckler.
  1854 | D:2      | 1854 ||| UPGRADING to amulet of guardian spirit.
  1859 | D:2      | 1859 ||| UPGRADING to +4 ring of protection.
  1860 | D:2      | 1860 ||| READING scroll labelled IBLUCR FEHOKY.
  1861 | D:2      | 1861 ||| READING scroll labelled CAMOONK WEACIU.
  1862 | D:2      | 1862 ||| DRINKING 2 bubbling black potions.
  1863 | D:2      | 1863 ||| DRINKING 2 sedimented sapphire potions.
  1864 | D:2      | 1864 ||| READING 3 scrolls of identify.
  1864 | D:2      | 1864 ||| IDENTIFYING bubbling brown potion
  1865 | D:2      | 1865 ||| READING 2 scrolls of identify.
  1865 | D:2      | 1865 ||| IDENTIFYING fizzy emerald potion
  1866 | D:2      | 1866 ||| DROPPING potion of flight.
  1867 | D:2      | 1867 ||| DROPPING potion of lignification.
  1897 | D:3      | 1897 ||| Stepping ~*~*~tactically~*~*~ (stealth).
  1898 | D:3      | 1898 ||| Stepping ~*~*~tactically~*~*~ (stealth).
  1900 | D:3      | 1900 ||| Stepping ~*~*~tactically~*~*~ (stealth).
  1992 | D:3      | 1992 ||| Stepping ~*~*~tactically~*~*~ (stealth).
  2004 | D:3      | Reached skill level 1 in Shields
  2010 | D:3      | 2010 ||| Stepping ~*~*~tactically~*~*~ (stealth).
  2019 | D:3      | 2019 ||| Stepping ~*~*~tactically~*~*~ (hiding).
  2333 | D:3      | Noticed Terence
  2362 | D:3      | Killed Terence
  2457 | D:3      | 2457 ||| Stepping ~*~*~tactically~*~*~ (stealth).
  2520 | D:3      | Reached XP level 6. HP: 37/37 MP: 7/7
  2582 | D:3      | Reached skill level 5 in Axes
  2599 | D:3      | 2599 ||| Stepping ~*~*~tactically~*~*~ (stealth).
  2823 | D:3      | 2823 ||| UPGRADING to +1 helmet.
  2828 | D:3      | 2828 ||| UPGRADING to +4 ring of protection.
  2829 | D:3      | 2829 ||| READING scroll labelled MAUFUSE VAMOGH.
  2830 | D:3      | 2830 ||| READING scroll labelled LYADOMUATY.
  2831 | D:3      | 2831 ||| READING 2 scrolls of identify.
  2831 | D:3      | 2831 ||| IDENTIFYING fuming blue potion
  2832 | D:3      | 2832 ||| DROPPING potion of degeneration.
  2923 | D:4      | 2923 ||| INVOKING Fiery Armour.
  2963 | D:4      | Found a hide-covered altar of Uskayaw.
  3058 | D:4      | Found a sacrificial altar of Ru.
  3059 | D:4      | Found a sparkling altar of Nemelex Xobeh.
  3086 | D:4      | 3086 ||| Stepping ~*~*~tactically~*~*~ (stealth).
  3105 | D:4      | Noticed Sigmund
  3136 | D:4      | Killed Sigmund
  3137 | D:4      | Reached skill level 6 in Axes
  3137 | D:4      | Reached XP level 7. HP: 26/43 MP: 4/8
  3245 | D:4      | 3245 ||| Stepping ~*~*~tactically~*~*~ (hiding).
  3246 | D:4      | 3246 ||| Stepping ~*~*~tactically~*~*~ (hiding).
  3249 | D:4      | 3249 ||| Stepping ~*~*~tactically~*~*~ (hiding).
  3250 | D:4      | 3250 ||| Stepping ~*~*~tactically~*~*~ (hiding).
  3251 | D:4      | 3251 ||| INVOKING Fiery Armour.
  3262 | D:4      | Reached skill level 3 in Armour
  3268 | D:4      | Reached skill level 3 in Shields
  3268 | D:4      | 3268 ||| Stepping ~*~*~tactically~*~*~ (hiding).
  3268 | D:4      | Found the +6 shillelagh "Devastator" {shatter}
  3269 | D:4      | 3269 ||| Stepping ~*~*~tactically~*~*~ (stealth).
  3453 | D:4      | 3453 ||| Stepping ~*~*~tactically~*~*~ (hiding).
  3454 | D:4      | 3454 ||| Stepping ~*~*~tactically~*~*~ (hiding).
  3469 | D:4      | 3469 ||| Stepping ~*~*~tactically~*~*~ (hiding).
  3472 | D:4      | 3472 ||| Stepping ~*~*~tactically~*~*~ (hiding).
  3541 | D:4      | 3541 ||| Stepping ~*~*~tactically~*~*~ (stealth).
  3547 | D:4      | Found a bloodstained altar of Trog.
  3551 | D:4      | Found a blossoming altar of Fedhas.
  3554 | D:4      | Found an ornate altar of the Wu Jian Council.
  3596 | D:4      | 3596 ||| READING scroll labelled JELUC XUBBOAN.
  3597 | D:4      | 3597 ||| READING scroll labelled DIRUISS JARR.
  3598 | D:4      | 3598 ||| READING 2 scrolls of identify.
  3598 | D:4      | 3598 ||| IDENTIFYING fizzy dark potion
  3599 | D:4      | 3599 ||| DROPPING potion of attraction.
  3616 | D:5      | Entered Level 5 of the Dungeon
  3752 | D:5      | Reached XP level 8. HP: 46/48 MP: 9/9
  3814 | D:5      | Reached skill level 7 in Axes
  3916 | D:5      | 3916 ||| Stepping ~*~*~tactically~*~*~ (stealth).
  3930 | D:5      | 3930 ||| READING 3 scrolls labelled METYAMUA BOUZE.
  3943 | D:5      | 3943 ||| STAIRDANCE
  3999 | D:5      | 3999 ||| INVOKING Fiery Armour.
  4318 | D:5      | 4318 ||| STAIRDANCE
  4319 | D:4      | Found a hazy altar of Hepliaklqana.
  4379 | D:5      | Found a staircase to the Ecumenical Temple.
  4747 | D:6      | Reached skill level 8 in Axes
  4888 | D:6      | 4888 ||| Stepping ~*~*~tactically~*~*~ (hiding).
  4906 | D:6      | Reached skill level 1 in Throwing
  4933 | D:6      | 4933 ||| READING 2 scrolls of identify.
  4933 | D:6      | 4933 ||| IDENTIFYING murky brown potion
  5263 | D:7      | Reached XP level 9. HP: 55/55 MP: 10/10
  5273 | D:7      | Reached skill level 6 in Fighting
  5392 | D:7      | 5392 ||| SWAPPING to +0 broad axe of freezing.
  5481 | D:7      | Noticed Prince Ribbit
  5483 | D:7      | 5483 ||| INVOKING Fiery Armour.
  5491 | D:7      | Killed Prince Ribbit
  5522 | D:7      | Reached skill level 9 in Axes
  5670 | D:7      | Noticed Dowan
  5676 | D:7      | Killed Dowan
  5677 | D:7      | Noticed Duvessa
  5678 | D:7      | 5678 ||| Stepping ~*~*~tactically~*~*~ (stealth).
  5693 | D:7      | Killed Duvessa
  5799 | D:7      | Found a flagged portal.
  5862 | D:7      | Found a radiant altar of Vehumet.
  6152 | D:7      | 6152 ||| UPGRADING to +1 plate armour of cold resistance.
  6162 | D:7      | 6162 ||| DROPPING +0 chain mail.
  6163 | D:7      | 6163 ||| DROPPING +6 ring of strength.
  6164 | D:7      | 6164 ||| READING scroll labelled ROT AFADUYSHE.
  6165 | D:7      | 6165 ||| READING scroll labelled WIPNIMUEQO.
  6166 | D:7      | 6166 ||| READING 2 scrolls of identify.
  6166 | D:7      | 6166 ||| IDENTIFYING yellow potion
  6172 | D:8      | Noticed a hornet
  6183 | D:8      | 6183 ||| STAIRDANCE
  6186 | D:7      | Killed a hornet
  6264 | D:8      | Found a shimmering blue altar of Sif Muna.
  6264 | D:8      | Found a snail-covered altar of Cheibriados.
  6336 | D:8      | Found a runed translucent gate.
  6336 | D:8      | Noticed qw's ghost (novice GrCA)
  6337 | D:8      | Found a runed translucent gate.
  6338 | D:8      | Found a runed translucent gate.
  6503 | D:8      | Found a broken altar of Ashenzari.
  6531 | D:8      | 6531 ||| Stepping ~*~*~tactically~*~*~ (stealth).
  6544 | D:8      | 6544 ||| Stepping ~*~*~tactically~*~*~ (hiding).
  6564 | D:8      | 6564 ||| Stepping ~*~*~tactically~*~*~ (stealth).
  6568 | D:8      | Reached skill level 6 in Armour
  6577 | D:8      | 6577 ||| Stepping ~*~*~tactically~*~*~ (stealth).
  6578 | D:8      | 6578 ||| Stepping ~*~*~tactically~*~*~ (stealth).
  6579 | D:8      | 6579 ||| Stepping ~*~*~tactically~*~*~ (stealth).
  6580 | D:8      | 6580 ||| Stepping ~*~*~tactically~*~*~ (stealth).
  6583 | D:8      | 6583 ||| Stepping ~*~*~tactically~*~*~ (stealth).
  6584 | D:8      | 6584 ||| Stepping ~*~*~tactically~*~*~ (stealth).
  6648 | D:8      | Found Zin's Purification Station.
  6650 | D:8      | Found a glowing silver altar of Zin.
  6656 | D:8      | 6656 ||| BUYING potion of curing (90 gold).
  6656 | D:8      | Bought a potion of curing for 90 gold pieces
  6743 | D:8      | Reached XP level 10. HP: 63/63 MP: 11/11
  6784 | D:8      | 6784 ||| Stepping ~*~*~tactically~*~*~ (hiding).
  6808 | D:8      | Reached skill level 10 in Axes
  7335 | D:8      | 7335 ||| DRINKING 2 ruby potions.
  7336 | D:8      | 7336 ||| DROPPING potion of brilliance.
  7420 | D:9      | 7420 ||| INVOKING Fiery Armour.
  7434 | D:9      | Reached skill level 3 in Throwing
  7466 | D:9      | Found a burning altar of Makhleb.
  7489 | D:9      | 7489 ||| Stepping ~*~*~tactically~*~*~ (stealth).
  7578 | D:9      | 7578 ||| Stepping ~*~*~tactically~*~*~ (stealth).
  8104 | D:9      | 8104 ||| READING 3 scrolls of identify.
  8104 | D:9      | 8104 ||| IDENTIFYING purple potion
  8144 | D:10     | Entered Level 10 of the Dungeon
  8239 | D:10     | Found a staircase to the Lair.
  8239 | D:10     | Noticed a death yak
  8240 | D:10     | 8240 ||| INVOKING Fiery Armour.
  8254 | D:10     | HP: 7/64 [death yak (11)]
  8255 | D:10     | 8255 ||| READING 3 scrolls of teleportation.
  8255 | D:10     | HP: 3/64 [orc warrior/+0 glaive (4)]
  8256 | D:10     | 8256 ||| DRINKING 3 potions of heal wounds.
  8259 | D:10     | Noticed Lodul
  8263 | D:10     | HP: 16/64 [Lodul/bolt of lightning (7)]
  8263 | D:10     | HP: 2/64 [ogre/+0 giant club[Lodul] (14)]
  8264 | D:10     | 8264 ||| READING 2 scrolls of teleportation.
  8264 | D:10     | Slain by an ogre

Levels and vault maps discovered:
D:1:      psy_arrival_radial02, layout_loops_ring,
          shapermc_ecumenical_altar_hornbeckon, supply_closet_lemuel
D:2:      layout_loops_ring, uniq_natasha
D:3:      layout_loops_ring, hangedman_feature_mirror, uniq_terence
D:4:      layout_cave_pools, nicolae_uskayaw_murder_on_the_dancefloor,
          minitemple, nicolae_overflow_hidden_temple,
          dilly_guarded_unrand_devastator, uniq_sigmund
D:5:      layout_basic, minmay_temple_entry_butterflies
D:6:      layout_basic
D:7:      layout_basic, nicolae_vehumet_altar_sigil, enter_bailey_8,
          uniq_prince_ribbit1, uniq_duvessa
D:8:      layout_basic, mainiacjoe_overflow_boulevard, zin_purify,
          gammafunk_temple_overflow_statue, biasface_ghost_orc_armoury,
          mrwooster_statue_mirror, minivault_11
D:9:      layout_irregular_city, lemuel_crystal_altar
D:10:     layout_layer_cave, david_lair_generic, worms_lemuel, uniq_lodul

Skill      XL: |  1  2  3  4  5  6  7  8  9 10 |
---------------+-------------------------------+-----
Axes           | 3 4 6 8 9 10 | 10.2
Armour         | 1 2 3 6 7 |  7.2
Shields        | 2 3 4 5 |  5.1
Fighting       | 4 5 7 8 |  8.0
Throwing       | 2 3 |  3.5
Spellcasting   | |  1.0
Fire Magic     | |  3.0

Action                     |  1- 3 |  4- 6 |  7- 9 | 10-12 || total
---------------------------+-------+-------+-------+-------++-------
  Melee: Hand axe          |   151 |   264 |   319 |       ||   734
         Punch             |     1 |       |       |       ||     1
         Broad axe         |       |       |    93 |   105 ||   198
  Throw: Boomerang         |       |       |     8 |     1 ||     9
         Javelin           |       |       |    32 |    19 ||    51
 Invoke: Fiery Armour      |       |     2 |     3 |     2 ||     7
    Use: Potion            |     2 |     2 |       |     2 ||     6
         Scroll            |     1 |     7 |     8 |     3 ||    19
 Armour: Robe              |    33 |       |       |       ||    33
         Chain mail        |    24 |   141 |   281 |       ||   446
         Plate armour      |       |       |    38 |    95 ||   133
  Dodge: Dodged            |    84 |    67 |   126 |    43 ||   320
  Block: Buckler           |       |    20 |    52 |    27 ||    99

Table legend:
 A = Non-vault XP
 B = Vault XP
 C = Vault XP percentage of total XP
 D = Non-vault monster count
 E = Vault monster count
 F = Vault count percentage of total count
                 A         B        C        D         E       F
            +---------+---------+-------+---------+---------+-------
      Total |    6526 |    1229 |  15.8 |     194 |      11 |   5.4
            +---------+---------+-------+---------+---------+-------
        D:1 |      63 |       0 |   0.0 |      35 |       0 |   0.0
        D:2 |     119 |      35 |  22.7 |      21 |       1 |   4.5
        D:3 |      93 |      42 |  31.1 |      31 |       3 |   8.8
        D:4 |     254 |     469 |  64.9 |      22 |       3 |  12.0
        D:5 |     710 |       0 |   0.0 |      12 |       0 |   0.0
        D:6 |     452 |       0 |   0.0 |      14 |       0 |   0.0
        D:7 |    1630 |     494 |  23.3 |      18 |       3 |  14.3
        D:8 |     757 |       0 |   0.0 |      18 |       0 |   0.0
        D:9 |    2404 |       0 |   0.0 |      19 |       0 |   0.0
       D:10 |      44 |     189 |  81.1 |       4 |       1 |  20.0
            +---------+---------+-------+---------+---------+-------
